MID
WISCONSIN TIMBER RATTLERS @ FORT WAYNE TINCAPS
09/16/2049
 
TOP OF THE 1ST
Wisconsin Timber Rattlers batting - Pitching for Fort Wayne TinCaps : RHP Brice MacKenzie
Pitching: RHP Brice MacKenzie
Batting: RHB Chris Maul 0-0: Foul Ball, location: 2F
0-1: Ball
1-1: SINGLE (Flyball, 9S, EV 86.2 MPH)
Batting: RHB Ryan Miller 0-0: Ball
1-0: Ball
Chris Maul is caught stealing 2nd base 2-4
2-0: Ball
3-0: Base on Balls
Batting: RHB Xiao-shuang Au 0-0: Ball
Ryan Miller is caught stealing 2nd base 2-4
1-0: Swinging Strike
1-1: Foul Ball, location: 2F
1-2: Ball
2-2: Strikes out looking
Top of the 1st over - 0 runs, 1 hit, 0 errors, 0 left on base; Wisconsin 0 - Fort Wayne 0
BOTTOM OF THE 1ST
Fort Wayne TinCaps batting - Pitching for Wisconsin Timber Rattlers : RHP Eddie Becerra
Pitching: RHP Eddie Becerra
Batting: RHB Paul Wood 0-0: Called Strike
0-1: Foul Ball, location: 2F
0-2: Fly out, F9 (Flyball, 9, EV 83.1 MPH)
Batting: LHB Dean Luttman 0-0: Called Strike
0-1: Foul Ball, location: 2F
0-2: Ball
1-2: Ball
2-2: Foul Ball, location: 2F
2-2: Strikes out looking
Batting: RHB Jim Miske 0-0: Foul Ball, location: 2F
0-1: Foul Ball, location: 2F
0-2: Fly out, F7 (Flyball, 78S, EV 79.4 MPH)
Bottom of the 1st over - 0 runs, 0 hits, 0 errors, 0 left on base; Wisconsin 0 - Fort Wayne 0
TOP OF THE 2ND
Wisconsin Timber Rattlers batting - Pitching for Fort Wayne TinCaps : RHP Brice MacKenzie
Batting: LHB Fumito Sakurai 0-0: Called Strike
0-1: Ball
1-1: Ball
2-1: Fly out, F7 (Flyball, 78S, EV 85.0 MPH)
Batting: SHB Nick Chandler 0-0: Ball
1-0: Foul Ball, location: 2F
1-1: Ball
2-1: Called Strike
2-2: SINGLE (Groundball, 6D, EV 99.4 MPH)
Batting: RHB Tristan Smeets 0-0: Called Strike
0-1: Ball
1-1: Fly out, F9 (Flyball, 9, EV 71.9 MPH)
Batting: RHB Alfredo Sena 0-0: Ball
1-0: Called Strike
Nick Chandler is caught stealing 2nd base 2-4
Top of the 2nd over - 0 runs, 1 hit, 0 errors, 0 left on base; Wisconsin 0 - Fort Wayne 0
BOTTOM OF THE 2ND
Fort Wayne TinCaps batting - Pitching for Wisconsin Timber Rattlers : RHP Eddie Becerra
Batting: RHB Devon Dill 0-0: Called Strike
0-1: Ball
1-1: Ball
2-1: Ball
3-1: Base on Balls
Batting: RHB Ben Welt 0-0: Ball
1-0: Swinging Strike
1-1: Foul Ball, location: 2F
1-2: Ball
2-2: Foul Ball, location: 2F
2-2: Ball
3-2: SINGLE (Groundball, 56D, EV 100.6 MPH)
Devon Dill to second
Devon Dill to third
Batting: RHB John Freeman 0-0: Ball
1-0: Swinging Strike
1-1: Called Strike
1-2: DOUBLE (Flyball, 78D, EV 111.9 MPH)
Devon Dill scores
Ben Welt to third
Batting: RHB Dave Cordero 0-0: Swinging Strike
0-1: SINGLE (Groundball, 56D, EV 103.8 MPH)
Ben Welt scores
John Freeman to third
Batting: RHB Gary Horgan 0-0: Ball
1-0: Foul Ball, location: 2F
1-1: Called Strike
1-2: Foul Ball, location: 2F
1-2: Strikes out swinging
Batting: RHB Bill Vives 0-0: Swinging Strike
0-1: Called Strike
0-2: Ball
1-2: Strikes out swinging
Batting: RHB Paul Wood 0-0: Foul Ball, location: 2F
0-1: Foul Ball, location: 2F
0-2: Foul Ball, location: 2F
0-2: Ground out 4-3 (Groundball, 4, EV 78.1 MPH)
Bottom of the 2nd over - 2 runs, 3 hits, 0 errors, 2 left on base; Wisconsin 0 - Fort Wayne 2
TOP OF THE 3RD
Wisconsin Timber Rattlers batting - Pitching for Fort Wayne TinCaps : RHP Brice MacKenzie
Batting: RHB Alfredo Sena 0-0: Called Strike
0-1: Ball
1-1: Ball
2-1: Foul Ball, location: 2F
2-2: SINGLE (Groundball, 3D, EV 96.9 MPH)
Batting: LHB Tyler Francis 0-0: Ball
1-0: Foul Ball, location: 2F
1-1: Called Strike
1-2: Ball
2-2: Ball
3-2: DOUBLE (Line Drive, 89M, EV 96.2 MPH)
Alfredo Sena to third
Batting: RHB Chris Fruit 0-0: Ball
1-0: Ball
2-0: Swinging Strike
2-1: Foul Ball, location: 2F
2-2: DOUBLE (Flyball, 8LXD, EV 101.2 MPH)
Alfredo Sena scores
Tyler Francis scores
Batting: RHB Chris Maul 0-0: Ball
1-0: Called Strike
1-1: Called Strike
1-2: Strikes out swinging
Batting: RHB Ryan Miller 0-0: Fly out, F3 (Line Drive, 3L, EV 73.8 MPH)
Lined into DP, 3-6 (Line Drive, 3L, EV 65.0 MPH)
Top of the 3rd over - 2 runs, 3 hits, 0 errors, 0 left on base; Wisconsin 2 - Fort Wayne 2
BOTTOM OF THE 3RD
Fort Wayne TinCaps batting - Pitching for Wisconsin Timber Rattlers : RHP Eddie Becerra
Batting: LHB Dean Luttman 0-0: Ball
1-0: Ground out U3 (Groundball, 3, EV 89.4 MPH)
Batting: RHB Jim Miske 0-0: Ball
1-0: Fly out, F8 (Flyball, 78M, EV 88.1 MPH)
Batting: RHB Devon Dill 0-0: Called Strike
0-1: Foul Ball, location: 2F
0-2: Ball
1-2: Fly out, F7 (Line Drive, 78M, EV 90.0 MPH)
Bottom of the 3rd over - 0 runs, 0 hits, 0 errors, 0 left on base; Wisconsin 2 - Fort Wayne 2
TOP OF THE 4TH
Wisconsin Timber Rattlers batting - Pitching for Fort Wayne TinCaps : RHP Brice MacKenzie
Batting: RHB Xiao-shuang Au 0-0: Ball
1-0: Ball
2-0: Foul Ball, location: 2F
2-1: Fly out, F3 (Line Drive, 4D, EV 60.0 MPH)
Batting: LHB Fumito Sakurai 0-0: SINGLE (Groundball, 4D, EV 103.8 MPH)
Batting: SHB Nick Chandler 0-0: Ball
1-0: SINGLE (Flyball, 8LS, EV 90.6 MPH)
Fumito Sakurai to second
Batting: RHB Tristan Smeets 0-0: Ball
1-0: Grounds into double play, 5-4-3 (Groundball, 5, EV 83.8 MPH)
Top of the 4th over - 0 runs, 2 hits, 0 errors, 1 left on base; Wisconsin 2 - Fort Wayne 2
BOTTOM OF THE 4TH
Fort Wayne TinCaps batting - Pitching for Wisconsin Timber Rattlers : RHP Eddie Becerra
Batting: RHB Ben Welt 0-0: Foul Ball, location: 2F
0-1: Foul Ball, location: 2F
0-2: Foul Ball, location: 2F
0-2: Ball
1-2: Strikes out looking
Batting: RHB John Freeman 0-0: Called Strike
0-1: Ball
1-1: Ball
2-1: Foul Ball, location: 2F
2-2: Ground out 4-3 (Groundball, 4, EV 105.0 MPH)
Batting: RHB Dave Cordero 0-0: Ball
1-0: Foul Ball, location: 2F
1-1: Fly out, F7 (Flyball, 7D, EV 98.8 MPH)
Bottom of the 4th over - 0 runs, 0 hits, 0 errors, 0 left on base; Wisconsin 2 - Fort Wayne 2
TOP OF THE 5TH
Wisconsin Timber Rattlers batting - Pitching for Fort Wayne TinCaps : RHP Brice MacKenzie
Batting: RHB Alfredo Sena 0-0: Swinging Strike
0-1: Ball
1-1: Ball
2-1: Ball
3-1: SINGLE (Groundball, 56S, EV 95.6 MPH)
Batting: LHB Tyler Francis 0-0: Called Strike
0-1: Ball
1-1: Called Strike
1-2: Foul Ball, location: 2F
1-2: Ball
2-2: Foul Ball, location: 2F
2-2: Grounds out, U3 (Groundball, 3L, EV 87.5 MPH)
Batting: RHB Chris Fruit 0-0: Swinging Strike
0-1: Ball
1-1: Ground out 6-3 (Groundball, 56D, EV 85.6 MPH)
Batting: RHB Chris Maul 0-0: Ball
1-0: Ball
2-0: Foul Ball, location: 2F
2-1: Reached on error, E5 (Groundball, 5, EV 100.0 MPH)
Alfredo Sena scores
Batting: RHB Ryan Miller 0-0: Called Strike
0-1: Ball
1-1: Foul Ball, location: 2F
1-2: Ball
2-2: DOUBLE (Line Drive, 9LD, EV 110.0 MPH)
Chris Maul scores
Batting: RHB Xiao-shuang Au 0-0: Ball
1-0: Swinging Strike
1-1: Ball
2-1: Fly out, F7 (Flyball, 7S, EV 88.1 MPH)
Top of the 5th over - 2 runs, 2 hits, 1 error, 1 left on base; Wisconsin 4 - Fort Wayne 2
BOTTOM OF THE 5TH
Fort Wayne TinCaps batting - Pitching for Wisconsin Timber Rattlers : RHP Eddie Becerra
Batting: RHB Gary Horgan 0-0: Ball
1-0: Ball
2-0: Called Strike
2-1: Ball
3-1: Base on Balls
Batting: RHB Bill Vives 0-0: Ball
1-0: Called Strike
1-1: Ball
2-1: Swinging Strike
2-2: Ball
3-2: Base on Balls
Gary Horgan to second
Batting: RHB Paul Wood 0-0: Ball
1-0: Foul Ball, location: 2F
1-1: Ball
Wild Pitch!
Gary Horgan to third
Bill Vives to second
2-1: Ground out 5-3 (Groundball, 5, EV 85.0 MPH)
Batting: LHB Dean Luttman 0-0: Ball
1-0: Ball
2-0: Called Strike
2-1: Ball
3-1: Foul Ball, location: 2F
3-2: Foul Ball, location: 2F
3-2: Foul Ball, location: 2F
3-2: Foul Ball, location: 2F
3-2: Strikes out swinging
Batting: RHB Jim Miske 0-0: Called Strike
0-1: SINGLE (Flyball, 7LS, EV 90.0 MPH)
Gary Horgan scores
Bill Vives to third
Runner from 3rd tries for Home, throw by LF and OUT! 7-2
Bottom of the 5th over - 1 run, 1 hit, 0 errors, 1 left on base; Wisconsin 4 - Fort Wayne 3
TOP OF THE 6TH
Wisconsin Timber Rattlers batting - Pitching for Fort Wayne TinCaps : RHP Brice MacKenzie
Batting: LHB Fumito Sakurai 0-0: SINGLE (Groundball, 3S, EV 68.8 MPH) (infield hit)
Batting: SHB Nick Chandler 0-0: Foul Ball, location: 2F
0-1: Grounds into double play, 1-4-3 (Groundball, 15S, EV 66.9 MPH)
Batting: RHB Tristan Smeets 0-0: Ball
1-0: Ball
2-0: SINGLE (Groundball, 6S, EV 65.0 MPH) (infield hit)
Batting: RHB Alfredo Sena 0-0: Ball
1-0: Called Strike
1-1: Called Strike
1-2: Ball
2-2: Ball
3-2: Foul Ball, location: 2F
3-2: Ground out 1-3 (Groundball, 13S, EV 76.2 MPH)
Top of the 6th over - 0 runs, 2 hits, 0 errors, 1 left on base; Wisconsin 4 - Fort Wayne 3
BOTTOM OF THE 6TH
Fort Wayne TinCaps batting - Pitching for Wisconsin Timber Rattlers : RHP Eddie Becerra
Batting: RHB Devon Dill 0-0: Ball
1-0: Ball
2-0: SOLO HOME RUN (Flyball, 7D, EV 102.5 MPH), Distance : 388 ft
Batting: RHB Ben Welt 0-0: Ball
1-0: Foul Ball, location: 2F
1-1: Swinging Strike
1-2: Ball
2-2: Fly out, F1 (Line Drive, P, EV 66.9 MPH)
Pitching: RHP Corey Pierce
Batting: RHB John Freeman 0-0: Fly out, F8 (Flyball, 78D, EV 97.5 MPH)
Batting: RHB Dave Cordero 0-0: Called Strike
0-1: Fly out, F8 (Flyball, 8RD, EV 95.6 MPH)
Bottom of the 6th over - 1 run, 1 hit, 0 errors, 0 left on base; Wisconsin 4 - Fort Wayne 4
TOP OF THE 7TH
Wisconsin Timber Rattlers batting - Pitching for Fort Wayne TinCaps : RHP Brice MacKenzie
Pitching: LHP Terry LaPlante
Batting: LHB Tyler Francis 0-0: Foul Ball, location: 2F
0-1: Ball
1-1: Foul Ball, location: 2F
1-2: Ball
2-2: DOUBLE (Groundball, 3L, EV 95.0 MPH)
Batting: RHB Chris Fruit 0-0: Called Strike
0-1: Ball
1-1: Fly out, F8 (Flyball, 8RS, EV 91.9 MPH)
Batting: RHB Chris Maul 0-0: Ball
1-0: Foul Ball, location: 2F
1-1: Ball
2-1: SINGLE (Line Drive, 78M, EV 94.4 MPH)
Tyler Francis to third
Batting: RHB Ryan Miller 0-0: DOUBLE (Groundball, 5L, EV 102.5 MPH)
Tyler Francis scores
Chris Maul to third
Runner from 3rd tries for Home, SAFE, throw by LF to home
Batting: RHB Xiao-shuang Au 0-0: Ball
1-0: Swinging Strike
1-1: Called Strike
1-2: Ball
2-2: Strikes out looking
Batting: LHB Fumito Sakurai 0-0: Ball
1-0: SINGLE (Groundball, 34S, EV 73.1 MPH) (infield hit)
Ryan Miller to third
Batting: SHB Nick Chandler 0-0: Called Strike
0-1: Foul Ball, location: 2F
0-2: Strikes out swinging
Top of the 7th over - 2 runs, 4 hits, 0 errors, 2 left on base; Wisconsin 6 - Fort Wayne 4
BOTTOM OF THE 7TH
Fort Wayne TinCaps batting - Pitching for Wisconsin Timber Rattlers : RHP Corey Pierce
Batting: RHB Gary Horgan 0-0: Ball
1-0: Ball
2-0: Fly out, F9 (Flyball, 9, EV 78.8 MPH)
Batting: RHB Bill Vives 0-0: Called Strike
0-1: Swinging Strike
0-2: Strikes out swinging
Batting: RHB Paul Wood 0-0: Ball
1-0: Called Strike
1-1: Swinging Strike
1-2: Ball
2-2: Ball
3-2: Fly out, F8 (Line Drive, 89M, EV 103.8 MPH)
Bottom of the 7th over - 0 runs, 0 hits, 0 errors, 0 left on base; Wisconsin 6 - Fort Wayne 4
TOP OF THE 8TH
Wisconsin Timber Rattlers batting - Pitching for Fort Wayne TinCaps : LHP Terry LaPlante
Pitching: RHP Jason Barlow
Batting: RHB Tristan Smeets 0-0: Swinging Strike
0-1: Ball
1-1: Ball
2-1: Foul Ball, location: 2F
2-2: Foul Ball, location: 2F
2-2: Foul Ball, location: 2F
2-2: Ball
3-2: Foul Ball, location: 2F
3-2: SOLO HOME RUN (Flyball, 78XD, EV 106.9 MPH), Distance : 408 ft
Batting: RHB Alfredo Sena 0-0: Called Strike
0-1: Ball
1-1: Ball
2-1: Swinging Strike
2-2: Ball
3-2: SOLO HOME RUN (Flyball, 7LD, EV 93.1 MPH), Distance : 348 ft
Batting: LHB Tyler Francis 0-0: Ball
1-0: Ball
2-0: Ball
3-0: Called Strike
3-1: Ground out 6-3 (Groundball, P, EV 84.4 MPH)
Batting: RHB Chris Fruit 0-0: Ball
1-0: Foul Ball, location: 2F
1-1: Swinging Strike
1-2: Foul Ball, location: 2F
1-2: Ball
2-2: Fly out, F8 (Flyball, 78S, EV 88.1 MPH)
Batting: RHB Chris Maul 0-0: Called Strike
0-1: Ball
1-1: Ball
2-1: Foul Ball, location: 2F
2-2: Fly out, F6 (Line Drive, 6, EV 75.0 MPH)
Top of the 8th over - 2 runs, 2 hits, 0 errors, 0 left on base; Wisconsin 8 - Fort Wayne 4
BOTTOM OF THE 8TH
Fort Wayne TinCaps batting - Pitching for Wisconsin Timber Rattlers : RHP Corey Pierce
Batting: LHB Dean Luttman 0-0: Called Strike
0-1: Foul Ball, location: 2F
0-2: Ball
1-2: Ball
2-2: Ground out 4-3 (Groundball, 34, EV 106.2 MPH)
Batting: RHB Jim Miske 0-0: Foul Ball, location: 2F
0-1: Ball
1-1: Swinging Strike
1-2: TRIPLE (Line Drive, 8RXD, EV 109.4 MPH)
Batting: RHB Devon Dill 0-0: Called Strike
0-1: Called Strike
0-2: Strikes out swinging
Batting: RHB Ben Welt 0-0: Called Strike
0-1: Ball
1-1: DOUBLE (Flyball, 78XD, EV 105.0 MPH)
Jim Miske scores
Batting: RHB John Freeman 0-0: Called Strike
0-1: Fly out, F8 (Flyball, 78D, EV 98.1 MPH)
Bottom of the 8th over - 1 run, 2 hits, 0 errors, 1 left on base; Wisconsin 8 - Fort Wayne 5
TOP OF THE 9TH
Wisconsin Timber Rattlers batting - Pitching for Fort Wayne TinCaps : RHP Jason Barlow
Pitching: LHP Manny Santiago
Batting: RHB Ryan Miller 0-0: Called Strike
0-1: Swinging Strike
0-2: Strikes out looking
Batting: RHB Xiao-shuang Au 0-0: Called Strike
0-1: Called Strike
0-2: Foul Ball, location: 2F
0-2: Ball
1-2: Strikes out swinging
Batting: LHB Fumito Sakurai 0-0: Called Strike
0-1: Swinging Strike
0-2: Strikes out swinging
Top of the 9th over - 0 runs, 0 hits, 0 errors, 0 left on base; Wisconsin 8 - Fort Wayne 5
BOTTOM OF THE 9TH
Fort Wayne TinCaps batting - Pitching for Wisconsin Timber Rattlers : RHP Corey Pierce
Pitching: RHP Alejandro Souto
Batting: RHB Dave Cordero 0-0: Called Strike
0-1: Ball
1-1: Foul Ball, location: 2F
1-2: Foul Ball, location: 2F
1-2: Fly out, F7 (Flyball, 7LM, EV 83.8 MPH)
Batting: RHB Gary Horgan 0-0: Called Strike
0-1: Ball
1-1: Ground out 4-3 (Groundball, 4, EV 103.1 MPH)
Batting: RHB Bill Vives 0-0: Ball
1-0: Foul Ball, location: 2F
1-1: Fly out, F7 (Line Drive, 7LM, EV 88.1 MPH)
Bottom of the 9th over - 0 runs, 0 hits, 0 errors, 0 left on base; Wisconsin 8 - Fort Wayne 5
Sunday, July 16th , 2023 - OOTP Baseball 24.6 Build 69